 Dungeon Crawl Stone Soup version 0.29-a0-923-g6e406bff71 (webtiles) character file.

Game seed: 4500008998734575396

18 IdlyInterested the Ducker (level 2, -3/21 HPs)
             Began as a Demonspawn Wanderer on July 27, 2022.
             Slain by a worm (5 damage)
             ... on level 2 of the Dungeon.
             The game lasted 00:03:40 (1703 turns).

IdlyInterested the Ducker (Demonspawn Wanderer)     Turns: 1703, Time: 00:03:40

Health: -3/21      AC:  3    Str: 12    XL:     2   Next: 48%
Magic:  3/3        EV: 12    Int: 15    God:
Gold:   54         SH:  4    Dex: 12    Spells: 3/3 levels left

rFire   x . .      SeeInvis .   a - +0 short sword
rCold   + . .      Faith    .   d - +0 buckler
rNeg    . . .      Spirit   .   c - +0 leather armour
rPois   .          Reflect  .   (no helmet)
rElec   .          Harm     .   (no cloak)
rCorr   .          Rampage  .   (no gloves)
Will    .....                   (no boots)
Stlth   +.........              (no amulet)
HPRegen 0.07/turn               i - ring of ice
MPRegen 0.08/turn               (no ring)

@: no status effects
A: big brain 1
a: no special abilities


You were on level 2 of the Dungeon.
You visited 1 branch of the dungeon, and saw 2 of its levels.

You collected 54 gold pieces.

Inventory:

Hand Weapons
 a - a +0 short sword (weapon)
 h - a +0 mace
Missiles
 b - 3 throwing nets (quivered)
Armour
 c - a +0 leather armour (worn)
 d - a +0 buckler (worn)
Jewellery
 i - a ring of ice (left hand)
Scrolls
 k - a scroll of teleportation
Potions
 e - a potion of berserk rage
 f - 3 potions of curing {unknown}
 l - 2 potions of might


   Skills:
 + Level 1.0 Fighting
 + Level 1.4 Short Blades
 * Level 1.0 Armour
 - Level 3.6 Dodging
 - Level 2.0 Shields
 - Level 1.0 Spellcasting
 - Level 2.0 Invocations


You had 3 spell levels left.
You didn't know any spells.
Your spell library contained the following spells:

 Spells                   Type           Power      Damage    Failure   Level
 Shock                    Conj/Air       0%         1d3       38%         1
 Dazzling Flash           Conj/Hex       0%         N/A       77%         3
 Swiftness                Air            0%         N/A       77%         3
 Airstrike                Air            0%         0-1+      99%         4
 Iskenderun's Mystic Bla  Conj/Tloc      0%         2d3       99%         4
 Starburst                Conj/Fire      0%         6d3       100%        6


Dungeon Overview and Level Annotations

Branches:
Dungeon (2/15)

Altars:


Innate Abilities, Weirdness & Mutations

You have an unusually large brain. (Int +2)


Message History

A kobold comes into view. It is wielding a +0 short sword.
Found 5 stones and 6 poisoned darts.
The kobold shouts!
The kobold throws a stone.
The stone closely misses you.
You hit the worm.
The worm is lightly wounded.
You hit the worm.
The worm is moderately wounded.
The worm closely misses you.
You hit the worm.
The worm is moderately wounded.
You block the worm's attack.
You hit the worm.
The worm is heavily wounded.
You hit the worm.
The worm is heavily wounded.
The worm completely misses you.
You completely miss the worm.
The worm is heavily wounded.
You barely miss the worm.
The worm is heavily wounded.
The worm bites you!
You hit the worm but do no damage.
The worm is heavily wounded.
You block the worm's attack.
You barely miss the worm.
The worm is heavily wounded.
You hit the worm.
The worm is severely wounded.
The worm bites you!
You hit the worm.
The worm is severely wounded.
You hit the worm but do no damage.
The worm is severely wounded.
The worm bites you.
* * * LOW HITPOINT WARNING * * *
You hit the worm but do no damage.
The worm is severely wounded.
The worm bites you.
You die...

#.# #.# #.#
#.# #.# #.#
#.#######+####
#.....wK.....(
#..##@##.....(
##....# ...$.
####.# .K..
#.# ... #.# ##
#.# #.. #..


You could see a worm and a kobold.

Vanquished Creatures
  A ball python (D:1)
  2 endoplasms (D:1)
  A giant cockroach (D:1)
  A goblin (D:1)
  3 hobgoblins (D:1)
  A kobold (D:1)
  4 bats (D:1)
  A frilled lizard (D:1)
  2 rats
16 creatures vanquished.

Notes
Turn   | Place    | Note
-------+----------+-------------------------------------------
     0 | D:1      | IdlyInterested the Demonspawn Wanderer began the quest for
                  | the Orb.
     0 | D:1      | IdlyInterested set off with the following items: a +0 short
                  | sword, 3 throwing nets, a +0 leather armour, a +0 buckler,
                  | a potion of berserk rage.
     0 | D:1      | Reached XP level 1. HP: 13/13 MP: 2/2
   333 | D:1      | Gained mutation: You have an unusually large brain. (Int
                  | +2) [demonic ancestry]
   333 | D:1      | Reached XP level 2. HP: 3/20 MP: 3/3
   942 | D:1      | Reached skill level 1 in Fighting
  1703 | D:2      | Slain by a worm

Illustrated notes

Levels and vault maps discovered:
D:1:      minmay_arrival_hallway, layout_basic, minmay_nonomino_d4
D:2:      layout_rooms, nicolae_concentric_dashed_squares_mild,
          minmay_door_square, lemuel_flame_loot_1

Skill      XL: |  1  2 |
---------------+-------+-----
Shields        | 2 |  2.0
Fighting       | 1 |  1.0
Invocations    | 2 |  2.0
Short Blades   | |  1.4
Armour         | |  1.0
Dodging        | |  3.6
Spellcasting   | |  1.0

Action                   || total
-------------------------++-------
Melee: Short sword       ||    94
  Use: Scroll            ||     3
Armor: Leather armour    ||    36
Dodge: Dodged            ||    69
Block: Buckler           ||    20

Table legend: (Time is in decaauts)
 A = Elapsed time spent in this place.
 B = Non-inter-level travel time spent in this place.
 C = Inter-level travel time spent in this place.
 D = Time resting spent in this place.
 E = Time spent auto-exploring this place.
 F = Levels seen in this place.
 G = Mean time per level.
                   A        B        C        D        E       F      G
               +--------+--------+--------+--------+--------+-----+--------+
         Total |   1710 |   1642 |     68 |    575 |    844 |   2 |  855.0 |
       Dungeon |   1710 |   1642 |     68 |    575 |    844 |   2 |  855.0 |
               +--------+--------+--------+--------+--------+-----+--------+

Top non-repeatable levels by time:
     D:1: 1669 daAuts
     D:2: 40 daAuts
